 Dungeon Crawl Stone Soup version 0.32-a0-422-g28b100f618 (webtiles) character file.

Game seed: 4459187710774720981

3166 Alarak the Fighter (level 9, 0/93 HPs)
             Began as a Minotaur Monk on Feb 21, 2024.
             Was a Priest of Makhleb.
             Slain by an orc warrior
             ... wielding a +0 glaive
              (15 damage)
             ... in a bailey.
             The game lasted 00:20:32 (6979 turns).

Alarak the Fighter (Minotaur Monk)                  Turns: 6979, Time: 00:20:32

Health: 0/93       AC: 14    Str: 25    XL:     9   Next: 63%
Magic:  11/11      EV: 10    Int:  7    God:    Makhleb [***...]
Gold:   400        SH:  0    Dex: 16    Spells: 8/8 levels left

rFire   . . .        w - +4 quarterstaff (chaos)
rCold   . . .        (shield currently unavailable)
rNeg    . . .        z - +0 chain mail
rPois   +            (helmet restricted)
rElec   .            B - +1 cloak
rCorr   .            y - +0 pair of gloves
SInv    .            C - +0 pair of boots
Will    .....        M - amulet of regeneration Stlth
                     r - ring of Ashenzari, Hurting {Str+6 Dex+2}
HPRegen 1.15/turn    k - ring of poison resistance
MPRegen 0.12/turn

%: no passive effects
@: no status effects
A: horns 2, retaliatory headbutt
a: Renounce Religion, Minor Destruction, Lesser Servant of Makhleb


You were in a bailey.
You worshipped Makhleb.
Makhleb was most pleased with you.
You visited 1 branch of the dungeon, and saw 8 of its levels.
You also visited: Ossuary and Bailey.

You collected 400 gold pieces.

Inventory:

Hand Weapons
 a - a +0 falchion
 n - a +2 dagger of venom
 w - a +4 quarterstaff of chaos (weapon)
Missiles
 H - a throwing net (quivered)
Armour
 b - a +0 robe
 d - an orb of light
 j - a +0 ring mail of willpower
 p - an orb of energy
 x - a +0 cloak
 y - a +0 pair of gloves (worn)
 z - a +0 chain mail (worn)
 B - a +1 cloak (worn)
 C - a +0 pair of boots (worn)
Jewellery
 k - a ring of poison resistance (right hand)
 m - a ring of willpower
 r - the ring of Ashenzari, Hurting (left hand) {Str+6 Dex+2}
   (You found it on level 3 of the Dungeon)

   [ring of strength]

   Str+6:     It affects your strength (+6).
   Dex+2:     It affects your dexterity (+2).
 M - an amulet of regeneration (around neck)
 R - a ring of fire
Wands
 s - a wand of flame (24)
 D - a wand of mindburst (32)
 I - a wand of charming (10)
Scrolls
 e - a scroll of fear {unknown}
 f - 2 scrolls of immolation {unknown}
 g - 2 scrolls of poison {unknown}
 h - 3 scrolls of acquirement {unknown}
 l - 9 scrolls of identify {unknown}
 q - 2 scrolls of amnesia {unknown}
 v - 8 scrolls of teleportation {unknown}
 A - 2 scrolls of blinking {unknown}
 E - a scroll of noise {unknown}
 J - 3 scrolls of enchant weapon {unknown}
 K - a scroll of brand weapon {unknown}
 L - a scroll of enchant armour {unknown}
 P - 3 scrolls of fog {unknown}
Potions
 c - 3 potions of ambrosia
 i - a potion of heal wounds {unknown}
 o - 2 potions of enlightenment {unknown}
 t - 2 potions of magic {unknown}
 u - 3 potions of lignification {unknown}
 F - 3 potions of attraction {unknown}
 G - a potion of curing {unknown}
 N - a potion of brilliance {unknown}
 O - a potion of degeneration {unknown}
 Q - a potion of haste {unknown}


   Skills:
 - Level 13.1 Fighting
 - Level 7.4 Long Blades
 + Level 5.3 Armour
 - Level 3.2 Dodging
 - Level 4.1 Invocations


You had 8 spell levels left.
You didn't know any spells.
Your spell library contained the following spells:

 Spells                   Type           Power      Damage    Failure   Level
 Apportation              Tloc           0%         N/A       92%         1
 Slow                     Hex            0%         N/A       92%         1
 Summon Small Mammal      Summ           0%         N/A       92%         1
 Ensorcelled Hibernation  Hex/Ice        0%         N/A       98%         2
 Jinxbite                 Hex            0%         N/A       98%         2
 Call Canine Familiar     Summ           0%         N/A       100%        3
 Confusing Touch          Hex            0%         N/A       100%        3
 Fugue of the Fallen      Necr           0%         N/A       100%        3
 Ozocubu's Armour         Ice            0%         N/A       100%        3
 Passwall                 Erth           0%         N/A       100%        3
 Sigil of Binding         Hex            0%         N/A       100%        3
 Swiftness                Air            0%         N/A       100%        3
 Vampiric Draining        Necr           0%         2d6       100%        3
 Manifold Assault         Tloc           0%         N/A       100%        4
 Summon Blazeheart Golem  Fire/Summ      0%         N/A       100%        4
 Alistair's Intoxication  Alch           0%         N/A       100%        5


Dungeon Overview and Level Annotations

Branches:
Dungeon (8/15)             Temple (0/1) D:6         Ossuary (visited)
 Bailey (1/1)
   Lair: D:8-11

Altars:
Makhleb
Okawaru
Sif Muna
Wu Jian
Zin


Innate Abilities, Weirdness & Mutations

You have a pair of horns on your head.
You reflexively headbutt those who attack you in melee.


Message History

You hit the orc knight. You freeze the orc knight. You headbutt the orc knight.
The orc knight is moderately wounded.
The orc hits you from afar with a +0 spear.
An orc warrior comes into view. It is wielding a +0 glaive.
The orc knight roars a battlecry!
The orc warrior goes into a battle-frenzy!
You thump the orc knight!
The orc knight seems to grow stronger.
You headbutt the orc knight!
The orc knight is heavily wounded.
The orc hits you but does no damage.
The orc knight hits you with a +0 trident!!
You are too injured to fight recklessly!
You hit the orc knight.
The orc knight suddenly seems more resistant.
The orc knight is severely wounded.
The orc hits you but does no damage.
The orc knight hits you but does no damage.
The orc hits you but does no damage.
You completely miss the orc knight.
The orc knight is severely wounded.
The orc knight hits you with a +0 trident.
The orc barely misses you. The orc warrior misses you.
The orc knight hits you with a +0 trident!
* * * LOW HITPOINT WARNING * * *
You hit the orc knight.
The orc knight convulses.
The orc knight is severely wounded.
The orc barely misses you. The orc warrior barely misses you.
The orc knight hits you with a +0 trident.
* * * LOW HITPOINT WARNING * * *
You sock the orc knight!
The orc knight is almost dead.
The orc hits you but does no damage. The orc warrior barely misses you.
The orc knight hits you with a +0 trident!!
* * * LOW HITPOINT WARNING * * *
You sock the orc knight! You burn the orc knight.
You kill the orc knight!
Makhleb accepts your kill.
You feel better. The orc barely misses you. The orc warrior closely misses you.
The orc warrior hits you from afar with a +0 glaive!
You die...

####..♣≈≈≈≈≈...# ####.
#..♣≈≈≈≈..♣.## ....
#...≈≈≈≈.....###
...##.♣.≈≈≈≈..♣....♣♣♣
#o.#....≈≈≈≈.........♣♣
#ß.#...######.........♣
#..#.......).......∩..♣
#..').)...............♣
#..'.o)@..............♣
#..#.o.............∩..♣
#ß.#.).######.........♣
#..#....≈≈≈≈..♣......♣♣
...##...≈≈≈≈..♣♣...♣♣♣
o... #...≈≈≈≈.....###
####. #..≈≈≈≈≈..####
####..≈≈≈≈...#
♣..≈≈≈≈≈..♣#


You could see an orc warrior (strong) and an orc (strong).

Vanquished Creatures
  An orc knight (Bailey)
  Prince Ribbit (D:5)
  A hornet (D:7)
  Grinder (D:3)
  A water moccasin (D:7)
  2 sky beasts
  An ice beast (D:7)
  An orc warrior (Bailey)
  2 ogres
  A centaur (D:5)
  2 phantoms
  2 bullfrogs
  Blork the orc (D:4)
  7 scorpions
  3 bombardier beetles
  2 human zombies (Ossuary)
  2 centaur zombies (Ossuary)
  A hound (D:7)
  A jelly (D:4)
  Crazy Yiuf (D:3)
  An orc priest (D:4)
  A sleepcap (D:7)
  Jessica (D:3)
  6 scorpion zombies (Ossuary)
  Natasha (D:3)
  3 iguanas
  2 orc wizards (D:3)
  3 mummies (Ossuary)
  5 adders
  4 gnolls (D:6)
  A white imp (D:6)
  2 ufetubi (D:6)
  3 adder zombies (Ossuary)
  3 dart slugs
  6 ribbon worms
  21 orcs
  8 ball pythons
  7 bats
  8 endoplasms
  3 giant cockroaches
  2 gnoll zombies (Ossuary)
  7 goblins
  10 hobgoblins
  6 jackals
  5 quokkas
  11 frilled lizards
  2 jackal zombies (Ossuary)
  3 kobolds
  8 rats
177 creatures vanquished.

Notes
Turn   | Place    | Note
-------+----------+-------------------------------------------
     0 | D:1      | Alarak the Minotaur Monk began the quest for the Orb.
     0 | D:1      | Reached XP level 1. HP: 19/19 MP: 0/0
    36 | D:1      | Reached skill level 4 in Fighting
    63 | D:1      | Reached XP level 2. HP: 27/28 MP: 1/1
   289 | D:1      | Reached skill level 5 in Fighting
   332 | D:1      | Reached XP level 3. HP: 36/36 MP: 2/2
   990 | D:2      | Reached skill level 6 in Fighting
   990 | D:2      | Reached XP level 4. HP: 44/44 MP: 3/3
  1963 | D:3      | Noticed an ogre
  1971 | D:3      | Killed an ogre
  1972 | D:3      | Reached XP level 5. HP: 11/50 MP: 4/4
  2161 | D:3      | Noticed Grinder
  2180 | D:3      | Killed Grinder
  2181 | D:3      | Reached skill level 7 in Fighting
  2181 | D:3      | Reached XP level 6. HP: 33/61 MP: 5/5
  2279 | D:3      | Identified the ring of Ashenzari, Hurting {Str+6 Dex+2}
  2290 | D:3      | Noticed Jessica
  2298 | D:3      | Killed Jessica
  2317 | D:3      | Reached skill level 8 in Fighting
  2402 | D:3      | Found a runed translucent door.
  2403 | D:3      | Noticed Crazy Yiuf
  2680 | D:3      | Reached XP level 7. HP: 63/69 MP: 6/6
  2903 | D:3      | Noticed Natasha
  2910 | D:3      | Killed Natasha
  2911 | D:3      | Reached skill level 9 in Fighting
  3042 | D:3      | Killed Crazy Yiuf
  3258 | D:4      | Noticed Blork the orc
  3266 | D:4      | Killed Blork the orc
  3267 | D:4      | Reached skill level 10 in Fighting
  4024 | D:4      | Reached XP level 8. HP: 80/80 MP: 7/7
  4198 | D:5      | Entered Level 5 of the Dungeon
  4290 | D:5      | Noticed Prince Ribbit
  4324 | D:5      | Killed Prince Ribbit
  4426 | D:5      | Found an iron altar of Okawaru.
  4657 | D:5      | Found a glowing silver altar of Zin.
  4658 | D:5      | Found a burning altar of Makhleb.
  4658 | D:5      | Found an ornate altar of the Wu Jian Council.
  4677 | D:5      | Became a worshipper of Makhleb the Destroyer
  4677 | D:5      | Reached * piety under Makhleb
  4677 | D:5      | Reached ** piety under Makhleb
  4821 | D:5      | Found a shimmering blue altar of Sif Muna.
  4950 | D:6      | Reached skill level 1 in Invocations
  5160 | D:6      | Found a staircase to the Ecumenical Temple.
  5805 | D:7      | Found a sand-covered staircase.
  5859 | D:7      | Noticed a hornet
  5866 | D:7      | Killed a hornet
  5867 | D:7      | Reached skill level 11 in Fighting
  5867 | D:7      | Reached XP level 9. HP: 71/89 MP: 11/11
  5957 | Ossuary  | Entered an ossuary
  6030 | Ossuary  | Reached skill level 12 in Fighting
  6443 | D:7      | Reached skill level 13 in Fighting
  6769 | D:8      | Found a flagged portal.
  6868 | Bailey   | Entered a bailey
  6949 | Bailey   | Reached *** piety under Makhleb
  6956 | Bailey   | Noticed an orc knight
  6971 | Bailey   | Reached skill level 5 in Armour
  6979 | Bailey   | Killed an orc knight
  6979 | Bailey   | Slain by an orc warrior

Illustrated notes

Levels and vault maps discovered:
D:1:      saegor_arrival_simple_d, layout_loops_ring
D:2:      layout_loops_corners
D:3:      layout_rooms, dreamdust_princess_bridge,
          minmay_fractal_squares_gapless_5, uniq_natasha, uniq_jessica,
          uniq_grinder, uniq_crazy_yiuf_cottage
D:4:      layout_cave_pools, serial_co_window_serial, co_window_corner_a,
          co_window_corner_a, co_window_paths_b, co_window_paths_a,
          co_window_corner_a, co_window_of_opportunity_b, co_window_broadway_a,
          co_window_2corner, co_window_4corner_b, glass_columns_c,
          uniq_blork_the_orc
D:5:      layout_basic, grunt_temple_overflow_open, lemuel_round_altar,
          serial_library_hellmonk_filled_rooms, uniq_prince_ribbit1
D:6:      layout_cave_pods, minmay_temple_entry_gardened_gates
D:7:      layout_cave_pools, chequers_ossuary_entry_cave
D:8:      layout_basic, enter_bailey_4
Bailey:   bailey_polearm_elven_captive_hellmonk, bailey

Skill      XL: |  1  2  3  4  5  6  7  8  9 |
---------------+----------------------------+-----
Fighting       | 4 5 6 7 8 10 11 13 | 13.1
Long Blades    | 4 7 |  7.4
Armour         | 3 4 5 |  5.3
Invocations    | 4 |  4.1
Dodging        | |  3.2

Action                     |  1- 3 |  4- 6 |  7- 9 || total
---------------------------+-------+-------+-------++-------
  Melee: Falchion          |    66 |    27 |       ||    93
         Headbutt          |     8 |    17 |    74 ||    99
         Dagger            |       |    67 |   178 ||   245
         Quarterstaff      |       |       |    92 ||    92
 Invoke: Minor Destruction |       |       |    17 ||    17
   Stab: Petrifying        |       |       |     1 ||     1
 Armour: Robe              |    27 |       |       ||    27
         Ring mail         |     9 |    46 |     7 ||    62
         Chain mail        |       |       |   225 ||   225
  Dodge: Dodged            |    39 |    41 |   159 ||   239

Table legend: (Time is in decaauts)
 A = Elapsed time spent in this place.
 B = Non-inter-level travel time spent in this place.
 C = Inter-level travel time spent in this place.
 D = Time resting spent in this place.
 E = Time spent auto-exploring this place.
 F = Levels seen in this place.
 G = Mean time per level.
                   A        B        C        D        E       F      G
               +--------+--------+--------+--------+--------+-----+--------+
         Total |   6982 |   6424 |    558 |    708 |   4567 |  10 |  698.2 |
       Dungeon |   6472 |   5914 |    558 |    708 |   4325 |   8 |  809.0 |
       Ossuary |    395 |    395 |      0 |      0 |    179 |   1 |  395.0 |
        Bailey |    114 |    114 |      0 |      0 |     63 |   1 |  114.0 |
               +--------+--------+--------+--------+--------+-----+--------+

Top non-repeatable levels by time:
     D:3: 1304 daAuts
     D:2: 1002 daAuts
     D:4: 949 daAuts
     D:1: 935 daAuts
     D:6: 754 daAuts
     D:5: 732 daAuts
     D:7: 651 daAuts
 Ossuary: 395 daAuts
     D:8: 144 daAuts
  Bailey: 114 daAuts
